 Dungeon Crawl Stone Soup version 0.18-a0-1730-g73f0523 (webtiles) character file.

350 warlockg3 the Skirmisher (level 6, -1/35 HPs)
             Began as a Gargoyle Chaos Knight on Apr 10, 2016.
             Slain by a gnoll (3 damage)
             ... on level 3 of the Dungeon.
             The game lasted 00:17:31 (3431 turns).

warlockg3 the Skirmisher (Gargoyle Chaos Knight)    Turns: 3431, Time: 00:17:31

Health: -1/35      AC: 10    Str: 18    XL:     6   Next: 60%
Magic:  6/6        EV: 12    Int: 12    God:    Xom [..*...]
Gold:   146        SH:  0    Dex:  9    Spells: 0 memorised, 5 levels left

rFire  + . .     SeeInvis .     a - +0 falchion (chaos)
rCold  . . .     Gourm    .     b - +2 leather armour
rNeg   + . .     Faith    .     (no shield)
rPois  ∞         Spirit   .     (helmet restricted)
rElec  +         Dismiss  .     (no cloak)
rCorr  .         Reflect  .     i - +0 pair of gloves
SustAt .         Harm     .     (no boots)
MR     .....                    (no amulet)
Stlth  ++........               (no ring)
                                f - ring of protection from fire

@: not resistant to hostile enchantments, unstealthy
A: antennae 1, frail 1, high mp 1, negative energy resistance 1, electricity
resistance, unbreathing, petrification resistance, rot immunity, AC +4
a: Renounce Religion


You were on level 3 of the Dungeon.
You worshipped Xom.
You were a toy of Xom.
You were not hungry.

You visited 1 branch of the dungeon, and saw 3 of its levels.

You collected 146 gold pieces.

Inventory:

Hand Weapons
 a - a +0 falchion of chaos (weapon)
 k - a +0 long sword
Armour
 b - a +2 leather armour (worn)
 i - a +0 pair of gloves (worn)
Magical Staves
 l - an uncursed staff of conjuration {unknown}
Jewellery
 f - a ring of protection from fire (left hand)
 p - an uncursed amulet of magic regeneration
 r - a cursed ring of teleportation
Wands
 n - a wand of acid (7/15)
Scrolls
 e - 3 scrolls of teleportation
 g - a scroll of identify
 h - 2 scrolls of fear {unknown}
 m - a scroll of enchant armour {unknown}
 o - a scroll of recharging {unknown}
Potions
 c - 2 potions of brilliance {unknown}
 d - a potion of magic {unknown}
 j - a potion of flight {unknown}
 q - a potion of curing {unknown}
Comestibles
 s - a beef jerky


   Skills:
 + Level 4.6 Fighting
 + Level 3.9 Long Blades
 + Level 2.9 Armour
 + Level 3.2 Dodging
 + Level 2.2 Stealth


You had 5 spell levels left.
You didn't know any spells.

Dungeon Overview and Level Annotations

Branches:
Dungeon (3/15)

Altars:
Pakellas


Innate Abilities, Weirdness & Mutations

You are resistant to torment.
Your stone body is resilient (AC +4).
You are immune to poison.
You resist negative energy.
You are resistant to electric shocks.
You can survive without breathing.
You are immune to petrification.
You are immune to rotting.
You have a pair of small antennae on your head.
You are frail (-10% HP).
You have an increased reservoir of magic (+10% MP).


Message History

The gnoll hits you.
* * * LOW HITPOINT WARNING * * *
The spear closely misses you. The gnoll barely misses you. x2
The spear barely misses you.
You barely miss the gnoll.
The gnoll is heavily wounded.
The gnoll barely misses you. The spear hits you!
You die... "Hey, things were just getting interesting!"
Xom revives you!
The gnoll hits you but does no damage. x2; The spear hits you.
* * * LOW HITPOINT WARNING * * *
Xom thinks this is hilarious!
A gnoll comes into view.
Unknown command.
Unknown command.
You closely miss the gnoll.
The gnoll is heavily wounded.
The gnoll hits you.
You die...

########## .........#
########.# ### #.#######
..# #.......# ######### ..#
#######.###.......#
#########g.......#.#####.##
g.....>........#@#.##.....#
#######.#.###.g(g#.##.....#
#<#...#.............#### #
#.###.#.#..............# #
#.#.....#..#.##.....##.# #
##.#.#........##.(...##.# #
#..#.###########.....##.# #
#.##.......# #.....##.# #
#....#####.# ########.# #


You could see a spear and 3 gnolls.

Vanquished Creatures
  Sigmund (D:2)
  Jessica (D:2)
  Natasha (twice) (D:2)
  A worker ant (D:3)
  4 gnolls (D:3)
  4 adders
  A dart slug (D:2)
  3 giant geckos (D:2)
  2 orcs (D:3)
  5 bats
  6 giant cockroaches
  12 goblins
  8 hobgoblins
  2 jackals (D:2)
  4 kobolds
  A quokka (D:2)
  A ball python (D:1)
  4 giant newts
  6 rats
68 creatures vanquished.

Vanquished Creatures (collateral kills)
  A goblin (D:2)
  A giant newt (D:2)
2 creatures vanquished.

Grand Total: 70 creatures vanquished

Notes
Turn   | Place    | Note
--------------------------------------------------------------
     0 | D:1      | warlockg3 the Gargoyle Chaos Knight began the quest for the Orb.
     0 | D:1      | Reached XP level 1. HP: 14/14 MP: 1/1
   231 | D:1      | XOM: divination: detect creatures
   260 | D:1      | Reached XP level 2. HP: 19/19 MP: 2/2
   737 | D:1      | XOM: harmless Pois miscast
   861 | D:1      | XOM: harmless Erth miscast
   918 | D:1      | XOM is BORED!
   918 | D:1      | XOM: noise
   998 | D:1      | Reached skill level 1 in Dodging
  1103 | D:1      | Reached XP level 3. HP: 24/24 MP: 3/3
  1192 | D:1      | Reached skill level 4 in Fighting
  1202 | D:2      | XOM: mild Conj miscast
  1286 | D:2      | Noticed Jessica
  1294 | D:2      | Killed Jessica
  1294 | D:2      | Reached XP level 4. HP: 29/29 MP: 4/4
  1336 | D:2      | Noticed Natasha
  1346 | D:2      | Gained mutation: You have a pair of small antennae on your head. [potion of mutation]
  1346 | D:2      | Gained mutation: You are frail (-10% HP). [potion of mutation]
  1346 | D:2      | Gained mutation: You have an increased reservoir of magic (+10% MP). [potion of mutation]
  1347 | D:2      | Killed Natasha
  1347 | D:2      | Reached skill level 1 in Stealth
  1410 | D:2      | XOM: confusion
  1489 | D:2      | Noticed Sigmund
  1490 | D:2      | XOM: enchant monster (good)
  1492 | D:2      | XOM: summons friendly ufetubus
  1504 | D:2      | Killed Sigmund
  1504 | D:2      | Reached XP level 5. HP: 28/30 MP: 5/5
  1839 | D:2      | Reached XP level 6. HP: 35/35 MP: 6/6
  1866 | D:2      | Noticed Natasha
  1885 | D:2      | Killed Natasha
  2087 | D:2      | XOM: medium Chrm miscast
  2226 | D:3      | XOM: blink monster(s)
  2240 | D:3      | XOM: potion effect (berserk rage)
  2640 | D:3      | Found an oddly glowing altar of Pakellas.
  2794 | D:3      | XOM: god gift: scroll of teleportation
  3064 | D:3      | XOM: god gift: 17 stones
  3418 | D:3      | XOM: confusion
  3425 | D:3      | XOM: divination: detect creatures
  3430 | D:3      | Xom revived you
  3431 | D:3      | Slain by a gnoll

Vault maps used:
D:1:      saegor_arrival_simple_b
D:2:      uniq_sigmund, uniq_jessica, uniq_natasha
D:3:      grunt_pakellas_basics

Skill      XL: |  1  2  3  4  5  6 |
---------------+-------------------+-----
Long Blades    | 3 |  3.9
Dodging        | 1 2 3 |  3.2
Fighting       | 4 |  4.6
Stealth        | 1 2 |  2.2
Armour         | |  2.9

Action                   |  1- 3 |  4- 6 || total
-------------------------+-------+-------++-------
Melee: Falchion          |    82 |   161 ||   243
  Use: Scroll            |     3 |     2 ||     5
       Potion            |       |     1 ||     1
 Stab: Paralysed         |     1 |     1 ||     2
       Sleeping          |       |     4 ||     4
  Eat: Bread ration      |     1 |       ||     1
       Meat ration       |       |     1 ||     1
       Beef jerky        |       |     1 ||     1
